 Dungeon Crawl Stone Soup version 0.28-a0-206-gc2c9e32840 (webtiles) character file.

Game seed: 11752009995714510024

9755 Lochraine the Grappler (level 11, -1/109 HPs)
             Began as a Troll Monk on Aug 20, 2021.
             Was a Priest of Nemelex Xobeh.
             Slain by a bullfrog (7 damage)
             ... on level 8 of the Dungeon.
             The game lasted 00:16:34 (6653 turns).

Lochraine the Grappler (Troll Monk)                 Turns: 6653, Time: 00:16:35

Health: -1/109     AC:  5    Str: 21    XL:     11   Next: 27%
Magic:  15/15      EV: 13    Int:  6    God:    Nemelex Xobeh [***...]
Gold:   320        SH:  0    Dex: 15    Spells: 10/10 levels left

rFire   . . .      SeeInvis .     - Unarmed
rCold   . . .      Faith    .   (no shield)
rNeg    . . .      Spirit   .   a - +0 robe
rPois   .          Reflect  .   (helmet restricted)
rElec   .          Harm     .   g - +0 cloak
rCorr   .          Rampage  .   (gloves unavailable)
Will    .....                   (boots unavailable)
Stlth   ++........              (no amulet)
HPRegen 1.28/turn               (no ring)
MPRegen 0.14/turn               (no ring)

@: no status effects
A: large, unfitting armour, claws 3, regeneration 1, shaggy fur 1, tough skin 1
a: Renounce Religion, Draw Escape, Draw Destruction, Draw Summoning, Triple Draw


You were on level 8 of the Dungeon.
You worshipped Nemelex Xobeh.
Nemelex Xobeh was most pleased with you.
You visited 2 branches of the dungeon, and saw 9 of its levels.
You also visited: Ossuary and Bailey.

You collected 416 gold pieces.
You spent 96 gold pieces at shops.

Inventory:

Missiles
 b - 285 stones (quivered)
Armour
 a - a +0 robe (worn)
 e - a scarf of shadows
   (You found it on level 1 of the Dungeon)
 g - a +0 cloak (worn)
   (You found it on level 1 of the Dungeon)
Jewellery
 C - a ring of flight
   (You took it off an orc on level 7 of the Dungeon)
Wands
 t - a wand of flame (29)
   (You took it off a kobold brigand on level 8 of the Dungeon)
 u - a wand of paralysis (22)
   (You found it on level 6 of the Dungeon)
 D - a wand of charming (8)
   (You found it on level 7 of the Dungeon)
Scrolls
 c - a scroll of silence {unknown}
 i - 4 scrolls of immolation {!r}
 j - 2 scrolls of teleportation {@r4}
 l - 3 scrolls of amnesia {unknown}
 m - 4 scrolls of fear {unknown}
 p - 2 scrolls of vulnerability {unknown}
 q - 3 scrolls of noise {unknown}
 v - a scroll of enchant weapon {unknown}
 w - 2 scrolls of enchant armour {unknown}
 x - a scroll of fog {unknown}
 y - a scroll of blinking {unknown}
 z - 2 scrolls of identify {@r1}
Potions
 d - a potion of cancellation
 f - 6 potions of curing {@q1}
 h - 2 potions of brilliance {unknown}
 k - 2 potions of lignification {unknown}
 n - 3 potions of flight
 o - 2 potions of mutation {!q}
 r - a potion of ambrosia
 s - a potion of degeneration {unknown}
 A - a potion of heal wounds {@q2}
 B - a potion of haste {unknown}
 E - a potion of attraction {!q}


   Skills:
 + Level 7.6 Fighting
 + Level 7.1 Dodging
 - Level 1.0 Stealth
 + Level 11.1 Unarmed Combat
 * Level 7.3 Invocations


You had 10 spell levels left.
You didn't know any spells.
Your spell library contained the following spells:

 Spells                   Type           Power      Damage    Failure   Level
 Sandblast                Erth           0%         2d4       45%         1
 Ensorcelled Hibernation  Hex/Ice        0%         N/A       58%         2
 Passwall                 Tmut/Erth      0%         N/A       58%         2
 Spider Form              Tmut/Pois      0%         N/A       83%         3
 Lee's Rapid Deconstruct  Erth           0%         3d5*      100%        5
 Shadow Creatures         Summ           N/A        N/A       100%        6


Dungeon Overview and Level Annotations

Branches:
Dungeon (8/15)             Temple (1/1) D:5            Lair (0/6) D:8
Ossuary (visited)          Bailey (visited)

Altars:
Ashenzari
Cheibriados
Dithmenos
Elyvilon
Fedhas
Gozag
Hepliaklqana
Kikubaaqudgha
Makhleb
Nemelex Xobeh
Okawaru
Qazlal
Ru
Sif Muna
Trog
Uskayaw
Vehumet
Wu Jian
Xom
Yredelemnul
Zin
The Shining One

Shops:
D:4 !*   D:7 =


Innate Abilities, Weirdness & Mutations

You are too large for most types of armour.
You have claws for hands.
Your natural rate of healing is unusually fast.
You are covered in fur. (AC +1)
You have tough skin. (AC +1)


Message History

The two-headed ogre closely misses you.
The two-headed ogre hits you with a +0 giant club!!
You claw the two-headed ogre! You claw the two-headed ogre.
The two-headed ogre hits you with a +0 giant spiked club!
The two-headed ogre hits you with a +0 giant club!
* * * LOW HITPOINT WARNING * * *
You draw a card...
You have drawn the Elixir.
You begin rapidly regenerating health and magic.
You scratch the two-headed ogre.
The two-headed ogre hits you with a +0 giant spiked club!!
* * * LOW HITPOINT WARNING * * *
The two-headed ogre closely misses you.
You hear a shout!
You claw the two-headed ogre!
You hear an angry buzzing noise.
The two-headed ogre closely misses you. x2
You mangle the two-headed ogre!!
You kill the two-headed ogre!
You scratch the acid dragon but do no damage.
The acid dragon spits acid at you. The splash of acid hits you!
* * * LOW HITPOINT WARNING * * *
You are splashed with acid.
* * * LOW HITPOINT WARNING * * *
You hear two shouts!
You scratch the acid dragon.
A two-headed ogre comes into view.
It is wielding a +0 antimagic dire flail and a +0 giant spiked club.
The acid dragon bites you.
* * * LOW HITPOINT WARNING * * *
The acid dragon barely misses you.
You scratch the acid dragon but do no damage.
You claw the acid dragon. You claw the acid dragon!
The acid dragon barely misses you. The acid dragon misses you.
You mangle the acid dragon!!
You kill the acid dragon!
Aim: a cyclops, quivering large rocks (chance to affect: 28%)
Okay, then.
Unknown command.
Unknown command.
Aim: a cyclops, quivering large rocks (chance to affect: 28%)
Okay, then.
Unknown command.
A bullfrog comes into view.
A gargoyle comes into view. It is wielding a +0 mace.
The cyclops throws a large rock.
The large rock hits you!!!
* * * LOW HITPOINT WARNING * * *
The bullfrog hits you!
You die...
Your body disappears without a glow.

##..#.#...#..).. #.
##.........####..
..
###..###.....####..
.##...##
####.......# .##..#
#.##..... .##.#
.##.###. #.#.#
....# #.
#F#.########## #.
#.@.#.....# ....
#.#†#..>..## ##[#
##.#........# #.
##.##.#......# ##
#C##..#......#
#....O##..##..###.#
###'###..## .#. #
.9......## .##.
..##.##.## .. ..


You could see a two-headed ogre, a cyclops and a bullfrog.

Vanquished Creatures
  A dancing weapon (D:7)
  A two-headed ogre (D:8)
  The ghost of aMcNicky the Ducker, a novice DjWz of Makhleb (D:7)
  Sigmund (D:5)
  The ghost of NigelTetley the Conjurer, an amateur DECj (D:4)
  A vampire (D:8)
  6 humans (D:7)
  12 yaks (D:7)
  Eustachio (D:4)
  2 vampire mosquitoes (D:8)
  An acid dragon (D:8)
  A water moccasin (D:6)
  8 orc warriors
  3 ice beasts
  An ogre (D:4)
  A necrophage (D:5)
  A black bear (D:7)
  3 phantoms
  A kobold brigand (D:8)
  A gnoll sergeant (D:7)
  A wyvern zombie (D:5)
  14 scorpions
  A water moccasin zombie (D:5)
  A wyvern skeleton (D:7)
  A water moccasin skeleton (D:6)
  3 killer bees (D:8)
  7 wights
  A howler monkey (D:3)
  2 bullfrog zombies
  3 centaur zombies (Ossuary)
  7 hounds
  2 orc priests (D:6)
  3 bullfrog skeletons
  A human zombie (Ossuary)
  A jelly (D:5)
  2 centaur skeletons
  2 scorpion zombies (Ossuary)
  3 iguanas
  3 orc wizards
  3 mummies (Ossuary)
  A howler monkey zombie (D:6)
  9 gnolls
  A howler monkey skeleton (D:5)
  7 adders
  2 ufetubi (D:5)
  An adder skeleton (D:4)
  2 worms
  3 dart slugs
  15 orcs
  6 endoplasms
  A giant cockroach (D:3)
  12 goblins
  7 hobgoblins
  8 jackals
  16 kobolds
  4 quokkas
  4 ball pythons
  6 bats
  2 frilled lizards (D:2)
  5 gnoll zombies (Ossuary)
  3 goblin zombies
  2 hobgoblin zombies (Ossuary)
  2 orc zombies (Ossuary)
  2 rats (D:2)
  A rat zombie (D:4)
231 creatures vanquished.

Notes
Turn   | Place    | Note
-------+----------+-------------------------------------------
     0 | D:1      | Lochraine the Troll Monk began the quest for the Orb.
     0 | D:1      | Reached XP level 1. HP: 22/22 MP: 0/0
   180 | D:1      | Reached XP level 2. HP: 29/29 MP: 1/1
  1123 | D:2      | Reached XP level 3. HP: 33/36 MP: 2/2
  1303 | D:2      | Reached skill level 4 in Unarmed Combat
  1481 | D:2      | Reached XP level 4. HP: 45/45 MP: 3/3
  1527 | D:2      | Found a faded altar of an unknown god.
  2010 | D:3      | Reached skill level 5 in Unarmed Combat
  2014 | D:3      | Reached XP level 5. HP: 52/53 MP: 4/4
  2025 | D:3      | Found a broken altar of Ashenzari.
  2380 | D:3      | Noticed a phantom
  2394 | D:3      | Killed a phantom
  2505 | D:4      | Noticed a phantom
  2543 | D:4      | Found Gydaes's General Store.
  2559 | D:4      | Bought a scroll of identify for 24 gold pieces
  2559 | D:4      | Bought a scroll of teleportation for 36 gold pieces
  2569 | D:4      | Noticed an ogre
  2644 | D:4      | Reached XP level 6. HP: 48/62 MP: 5/5
  2655 | D:4      | Reached skill level 6 in Unarmed Combat
  2725 | D:4      | Noticed Eustachio
  2742 | D:4      | Killed Eustachio
  2754 | D:4      | Found a sand-covered staircase.
  2763 | D:4      | Reached XP level 7. HP: 70/70 MP: 6/6
  2767 | Ossuary  | Entered an ossuary
  2834 | Ossuary  | Reached skill level 7 in Unarmed Combat
  3015 | Ossuary  | Reached XP level 8. HP: 21/79 MP: 7/7
  3030 | Ossuary  | Reached skill level 8 in Unarmed Combat
  3115 | Ossuary  | Reached skill level 5 in Fighting
  3350 | D:4      | Found a runed translucent door.
  3350 | D:4      | Noticed NigelTetley's ghost (amateur DECj)
  3374 | D:4      | Killed NigelTetley's ghost
  3571 | D:4      | Found Toicze's Distillery.
  3574 | D:4      | Bought a potion of curing for 36 gold pieces
  3750 | D:5      | Entered Level 5 of the Dungeon
  3770 | D:5      | Reached skill level 9 in Unarmed Combat
  3916 | D:5      | Reached XP level 9. HP: 79/89 MP: 8/8
  4053 | D:5      | Reached skill level 5 in Dodging
  4054 | D:5      | Noticed Sigmund
  4061 | D:5      | Killed Sigmund
  4137 | D:5      | Found a staircase to the Ecumenical Temple.
  4194 | Temple   | Entered the Ecumenical Temple
  4380 | Temple   | Became a worshipper of Nemelex Xobeh the Trickster
  4380 | Temple   | Reached * piety under Nemelex Xobeh
  4380 | Temple   | Received a gift from Nemelex Xobeh
  4380 | Temple   | Received a gift from Nemelex Xobeh
  4380 | Temple   | Reached ** piety under Nemelex Xobeh
  4703 | D:6      | Reached skill level 1 in Invocations
  5334 | D:6      | Reached skill level 10 in Unarmed Combat
  5433 | D:7      | Received a gift from Nemelex Xobeh
  5515 | D:7      | Found a flagged portal.
  5524 | Bailey   | Entered a bailey
  5554 | Bailey   | Reached XP level 10. HP: 77/100 MP: 10/12
  5730 | D:7      | Reached skill level 5 in Invocations
  5916 | D:7      | Found Yrufuvar's Jewellery Boutique.
  6221 | D:7      | Found a runed translucent door.
  6221 | D:7      | Found a shimmering altar of Xom.
  6221 | D:7      | Noticed aMcNicky's ghost (novice DjWz)
  6222 | D:7      | Noticed a +1 dagger of chaos
  6234 | D:7      | Killed a +1 dagger of chaos
  6257 | D:7      | Killed aMcNicky's ghost
  6258 | D:7      | Reached XP level 11. HP: 61/109 MP: 13/15
  6519 | D:8      | Reached *** piety under Nemelex Xobeh
  6568 | D:8      | Found a staircase to the Lair.
  6614 | D:8      | Reached skill level 11 in Unarmed Combat
  6629 | D:8      | Noticed a two-headed ogre
  6645 | D:8      | Killed a two-headed ogre
  6647 | D:8      | Noticed a two-headed ogre
  6652 | D:8      | HP: 4/109 [cyclops/large rock (42)]
  6653 | D:8      | Slain by a bullfrog

Illustrated notes

Levels and vault maps discovered:
D:1:      dpeg_arrival_morbid_curiosity, layout_basic
D:2:      layout_loops_corners, shapermc_ecumenical_altar_mp_vishouse,
          solitary_fountain
D:3:      layout_basic, nicolae_ashenzari_skybound
D:4:      layout_cave_pools, enter_ossuary_4, ebering_ghost_inner_flame,
          serial_shops, kennysheep_mini, nicolae_stop_n_shop_1,
          cheibrodos_gnoll_hut, uniq_eustachio
D:5:      layout_basic, minmay_temple_entry_grid, st_stairs_9, uniq_sigmund
D:6:      layout_gridville, corexii_checkpoint_a
D:7:      erik_cavepeople, layout_basic, enter_bailey_2, ebering_ghost_xom,
          serial_shops, shop
D:8:      minmay_the_grid_octo_triangle [minmay_the_grid_octo_77,
          minmay_the_grid_octo_prize_big_c, minmay_the_grid_octo_fat_diamond],
          layout_loops_cross, kennysheep_small_circle, uniq_harold
Temple:   kilobyte_greek_temple

Skill      XL: |  1  2  3  4  5  6  7  8  9 10 11 |
---------------+----------------------------------+-----
Unarmed Combat | 4 5 6 7 9 10 11 | 11.1
Fighting       | 3 4 5 6 7 |  7.6
Dodging        | 3 4 5 6 7 |  7.1
Invocations    | 4 6 7 |  7.3
Stealth        | |  1.0

Action                   |  1- 3 |  4- 6 |  7- 9 | 10-12 || total
-------------------------+-------+-------+-------+-------++-------
Melee: Unarmed           |    92 |    95 |   331 |   203 ||   721
       Punch             |       |     1 |    17 |    13 ||    31
Throw: Stone             |       |     3 |    10 |       ||    13
Invok: Draw Destruction  |       |       |     1 |     2 ||     3
       Draw Escape       |       |       |       |     1 ||     1
  Use: Scroll            |       |     4 |     4 |       ||     8
       Potion            |       |       |     2 |       ||     2
 Stab: Sleeping          |     1 |     7 |     6 |     1 ||    15
Armor: Robe              |    43 |    27 |    93 |    24 ||   187
Dodge: Dodged            |    47 |    38 |   201 |    94 ||   380

Table legend: (Time is in decaauts)
 A = Elapsed time spent in this place.
 B = Non-inter-level travel time spent in this place.
 C = Inter-level travel time spent in this place.
 D = Time resting spent in this place.
 E = Time spent auto-exploring this place.
 F = Levels seen in this place.
 G = Mean time per level.
                   A        B        C        D        E       F      G
               +--------+--------+--------+--------+--------+-----+--------+
         Total |   6546 |   6266 |    280 |     26 |   4690 |  11 |  595.1 |
       Dungeon |   5803 |   5553 |    250 |     26 |   4289 |   8 |  725.4 |
        Temple |    216 |    186 |     30 |      0 |    149 |   1 |  216.0 |
       Ossuary |    415 |    415 |      0 |      0 |    208 |   1 |  415.0 |
        Bailey |    110 |    110 |      0 |      0 |     44 |   1 |  110.0 |
               +--------+--------+--------+--------+--------+-----+--------+

Top non-repeatable levels by time:
     D:2: 982 daAuts
     D:1: 931 daAuts
     D:7: 794 daAuts
     D:6: 737 daAuts
     D:4: 734 daAuts
     D:5: 698 daAuts
     D:3: 653 daAuts
 Ossuary: 415 daAuts
     D:8: 271 daAuts
  Temple: 216 daAuts
  Bailey: 110 daAuts
